Cogmind - Beta 15 @@@ ROGUE MODE // 2025.09.22 @ 15:06:06 Player: IAMTRASHMAN Result: Destroyed by G-34 Mercenary with Small Laser Performance ------------- Evolutions (0) 0 Regions Visited (4) 800 Robots Destroyed (42) 210 Value Destroyed (829) 829 Prototype IDs (0) 0 Alien Tech Used (0) 0 Bonus (0) 0 TOTAL SCORE: 1839 Bonus ------- None Cogmind --------- Core Integrity 0/250 Matter 300/300 Energy 250/250 System Corruption 0% Temperature Cool (6) Movement Treading (240) Ox1 Location -9/Mines Parts ------- > --- POWER (1) -------- Ion Engine > --- PROPULSION (2) --- Light Treads Light Treads > --- UTILITY (2) ------ High-capacity Storage Unit Medium Armor Plating > --- WEAPON (2) ------- Spread Laser Spread Laser > --- INVENTORY (20) --- Improved Ion Engine Light Treads Compact Wheel Compact Wheel Compact Wheel High-capacity Storage Unit Humpback Large Battery (200) Large Battery (200) Structural Scanner Improved Terrain Scanner Light Armor Plating Shield Generator EM Shotgun EM Shotgun Spread Laser Mini Grenade Launcher Mini Grenade Launcher Plasma Flamer Peak State ------------ > --- POWER ------------ Ion Engine > --- PROPULSION ------- Light Treads Light Treads > --- UTILITY ---------- High-capacity Storage Unit Light Armor Plating > --- WEAPON ----------- EM Shotgun Plasma Flamer > --- INVENTORY -------- Light Treads Light Treads Light Treads Compact Wheel Compact Wheel Compact Wheel High-capacity Storage Unit Structural Scanner Improved Terrain Scanner Transport Network Coupler EM Shotgun EM Shotgun EM Shotgun Spread Laser Spread Laser Spread Laser Spread Laser Rocket Launcher Mini Grenade Launcher Mini Grenade Launcher [Rating: 15] Favorites ----------- Power Ion Engine Engine Ion Engine Propulsion Light Treads Treads Light Treads Leg Aluminum Leg Wheel Compact Wheel Hover Unit Improved Hover Unit Utility High-capacity Storage Unit Device Seismic Detector Storage High-capacity Storage Unit Protection Light Armor Plating Weapon Spread Laser Energy Gun Spread Laser Ballistic Gun Light Assault Rifle Launcher Mini Grenade Launcher Special Weapon Plasma Flamer Build | -11 -10 -10 -10 -9 ------- Run | Yrd Mat Min Exi Min Slots Evolved . | . . . . . Power . | . . . . . Propulsion . | . . . . . Utility . | . . . . . Weapon . | . . . . . Parts Attached 38 | 8 13 6 2 9 Power 3 | 1 1 1 . . Engine 3 | 1 1 1 . . Core . | . . . . . Reactor . | . . . . . Propulsion 11 | 2 4 . 2 3 Treads 5 | . 2 . . 3 Leg 2 | 2 . . . . Wheel 2 | . . . 2 . Hover 2 | . 2 . . . Flight . | . . . . . Utility 8 | 2 3 1 . 2 Device 2 | 1 . . . 1 Storage 2 | 1 1 . . . Processor . | . . . . . Hackware . | . . . . . Protection 4 | . 2 1 . 1 Artifact . | . . . . . Weapon 16 | 3 5 4 . 4 Energy Gun 11 | 2 5 2 . 2 Energy Cannon . | . . . . . Ballistic Gun 1 | 1 . . . . Ballistic Cannon . | . . . . . Launcher 3 | . . 1 . 2 Special Weapon 1 | . . 1 . . Impact Weapon . | . . . . . Slashing Weapon . | . . . . . Piercing Weapon . | . . . . . Special Melee Weapon . | . . . . . Unidentified Prototypes . | . . . . . Parts Lost 2 | . . 1 . 1 Power 1 | . . 1 . . Propulsion . | . . . . . Utility 1 | . . . . 1 Weapon . | . . . . . Highest Loss Streak 1 | . . 1 . 1 To Critical Strikes . | . . . . . Average Backups 17 | 4 14 19 19 18 Power . | . 1 . . . Propulsion 5 | 2 4 6 5 4 Utility 4 | . 3 4 4 7 Weapon 7 | . 5 9 9 6 Tool/Special . | . . . . . Unused Backups 21 | . 6 1 . 14 Power 1 | . . . . 1 Propulsion 5 | . 3 . . 2 Utility 10 | . 1 . . 9 Weapon 5 | . 2 1 . 2 Tool/Special . | . . . . . Average Slot Usage (%) 97 | . 96 97 100 99 Engine 13 | . 14 12 14 14 Treads 22 | . 19 28 22 21 Leg 3 | . 8 . . . Wheel 1 | . . . 5 7 Device 1 | . 2 . . . Storage 14 | . 14 14 14 14 Protection 11 | . 9 14 14 13 Energy Gun 27 | . 28 26 28 27 Peak Build Rating 15 | 7 12 15 12 13 Average Rating 10 | 5 9 12 11 12 On Entrance 8 | . 7 12 12 12 Naked Turns . | . . . . . Heaviest Build 58 | 13 52 54 54 58 Greatest Support 40 | 20 40 40 40 40 Greatest Overweight (x) 7 | . 7 1 1 1 Average Overweight (x) . | . . 1 1 1 Largest Inventory Capacity 20 | 8 20 20 20 20 Average Capacity 18 | 7 17 20 20 20 Most Carried 20 | 7 20 20 20 20 Average Carried 17 | 4 14 19 19 19 Final Capacity 20 | 8 20 20 20 20 Final Carried 20 | 7 20 20 20 20 Class Distribution -------------------- 100% | Mutant Dominant Class ---------------- Mutant | -10/Materials Mutant | -10/Mines Mutant | -10/Exiles Mutant | -9/Mines Resources | -11 -10 -10 -10 -9 ----------- Run | Yrd Mat Min Exi Min Matter Collected 669 | 280 158 70 . 161 Remotely . | . . . . . Salvage Created 1225 | 82 902 71 . 170 Parts 76 | 10 43 9 . 14 Haulers Intercepted 2 | . 2 . . . Recyclers Shooed 2 | 1 1 . . . Parts Field Recycled . | . . . . . Retrieved Matter . | . . . . . Parts Self-Destructed . | . . . . . Prevented . | . . . . . Kills | -11 -10 -10 -10 -9 ------- Run | Yrd Mat Min Exi Min Combat Hostiles Destroyed 28 | . 13 7 . 8 Guns 23 | . 13 4 . 6 AOE 5 | . . 3 . 2 Classes Destroyed 10 | 1 6 2 . 1 Worker 4 | . 3 . . 1 Tunneler 4 | 4 . . . . Hauler 2 | . 2 . . . Recycler 3 | . 3 . . . Watcher 3 | . 3 . . . Swarmer 11 | . 3 5 . 3 Grunt 12 | . 10 . . 2 Sentry 2 | . . . . 2 Demolisher 1 | . . 1 . . Assembled 2 | . . 1 . 1 Best Kill Streak 3 | 2 3 3 . 3 Combat Bots Only 3 | . 3 3 . 3 Max Kills in Single Turn 3 | 1 2 3 . 2 Gunslinging 1 | . 1 . . . Exploded 3 | . . 3 . 2 Melee . | . . . . . Uniques/NPCs Destroyed . | . . . . . Combat | -11 -10 -10 -10 -9 -------- Run | Yrd Mat Min Exi Min Hostile Shots Fired 115 | . 58 24 . 33 Missed 33 | . 20 5 . 8 Hits 82 | . 38 19 . 25 Melee 2 | . . 2 . . Projectile 80 | . 38 17 . 25 AOE 4 | . . 4 . . Critical Strikes 2 | . . . . 2 Damage Taken 1137 | . 509 315 . 313 Core 255 | . 144 27 . 84 Absorbed by Shields . | . . . . . Redirected to Shielding 35 | . . 35 . . Core Remaining (%) 100 | 100 . . . . Volleys Fired 121 | 16 66 18 . 21 Largest 2 | 2 2 2 . 2 Hottest 165 | 80 90 165 . 130 Shots Fired 236 | 32 132 35 . 37 Gun 228 | 32 132 32 . 32 Cannon . | . . . . . Launcher 6 | . . 1 . 5 Special 2 | . . 2 . . Kinetic . | . . . . . Thermal 128 | 32 56 8 . 32 Explosive 6 | . . 1 . 5 Electromagnetic 102 | . 76 26 . . Robot Hit Streak 11 | 7 11 7 . 8 Robot Miss Streak 7 | 3 5 7 . 7 Penetration Max . | . . . . . Secondary Targets 2 | . 2 . . . Max Gunslinging Chain 1 | . 1 . . . Shots Hit Robots 140 | 20 80 18 . 22 Core Hits 88 | 5 39 11 . 33 Critical Kills . | . . . . . Critical Parts Destroyed . | . . . . . Critical Strikes . | . . . . . Melee Attacks . | . . . . . Impact . | . . . . . Slashing . | . . . . . Piercing . | . . . . . Sneak Attacks . | . . . . . Combat Hostiles . | . . . . . Follow-up Attacks . | . . . . . Damage Inflicted 2253 | 220 1229 350 . 454 Guns 1804 | 220 1110 171 . 303 Cannons . | . . . . . Explosions 432 | . 103 179 . 150 Melee . | . . . . . Ramming 17 | . 16 . . 1 Kinetic . | . . . . . Thermal 1021 | 220 498 . . 303 Explosive 329 | . . 179 . 150 Electromagnetic 886 | . 715 171 . . Impact . | . . . . . Slashing . | . . . . . Piercing . | . . . . . Highest Corruption . | . . . . . Average Corruption . | . . . . . Corruption Purged . | . . . . . Corruption Blocked . | . . . . . Overload Shots . | . . . . . Overflow Damage 86 | . 25 40 . 21 Projectiles . | . . . . . Explosions 77 | . 16 40 . 21 Melee 9 | . 9 . . . Knockbacks . | . . . . . Impact . | . . . . . Kinetic . | . . . . . Secondary . | . . . . . Self-Inflicted Damage 71 | . 40 . . 31 Shots 2 | . 1 . . 1 Rammed 4 | . 2 1 . 1 Targets Rammed 8 | . 6 1 . 1 Kicked 3 | . 3 . . . Crushed 1 | . 1 . . . Highest Temperature 327 | 144 295 120 . 327 Average Temperature 73 | 57 74 48 . 97 Received Heat Transfer 324 | . 225 . . 99 Effects 1 | . . . . 1 Energy Bleed 1 | . . . . 1 Siege Activations . | . . . . . Martial Activations . | . . . . . Shielding Activations . | . . . . . Robots Disrupted . | . . . . . Combat Hostiles . | . . . . . Robots Corrupted 1 | . 1 . . . Combat Hostiles . | . . . . . Parts Fried 1 | . 1 . . . Impact Corruptions 1 | . 1 . . . Robots Melted . | . . . . . Combat Hostiles . | . . . . . Parts Melted 1 | . 1 . . . Heat Transferred 1875 | 500 1000 . . 375 Parts Sabotaged . | . . . . . Parts Stolen . | . . . . . Parts Stripped . | . . . . . Power Chain Reactions 2 | . 2 . . . Alert | -11 -10 -10 -10 -9 ------- Run | Yrd Mat Min Exi Min Maximum Alert Level . | . . . . . Low Security (%) 100 | 100 100 100 . 100 Level 1 . | . . . . . Level 2 . | . . . . . Level 3 . | . . . . . Level 4 . | . . . . . Level 5 . | . . . . . High Security . | . . . . . Max Security . | . . . . . Peak Influence 93 | 5 91 93 . 77 Initial 14 | . . 14 . . Average 19 | 1 27 13 . 12 Influence Increases 839 | 20 459 178 . 182 Destroy 0b10 Robot/C 520 | . 260 120 . 140 Destroy 0b10 Robot/NC 80 | 20 55 . . 5 Destroy Leader 100 | . 70 20 . 10 Successful Hack 8 | . 8 . . . Disable Machine 60 | . 45 15 . . Destroy Structure 41 | . 6 8 . 27 Partial Spotted 15 | . 15 . . . Lose Combat Pursuer 15 | . . 15 . . Influence Decreases 823 | 20 422 215 . 166 Entered New Map 23 | . . 23 . . Time Decay 800 | 20 422 192 . 166 Squads Dispatched 3 | . 3 . . . Investigation 2 | . 2 . . . Extermination . | . . . . . Reinforcement 1 | . 1 . . . Assault . | . . . . . Garrison . | . . . . . Intercept . | . . . . . Searches Triggered . | . . . . . Construction Impeded . | . . . . . Haulers Reinforced . | . . . . . Active Scanning Responses . | . . . . . Cargo Convoy Interrupts . | . . . . . Stealth | -11 -10 -10 -10 -9 --------- Run | Yrd Mat Min Exi Min Distress Signals 3 | . 2 . . 1 Communications Jammed . | . . . . . Distress Signals . | . . . . . Times Spotted 63 | . 36 14 . 13 Peak Tracking Total 11 | . 5 11 . 4 Tactical Retreats 1 | . . 1 . . Traps | -11 -10 -10 -10 -9 ------- Run | Yrd Mat Min Exi Min Traps Triggered 2 | . 2 . . . Indirectly . | . . . . . Trap Hack Attempts . | . . . . . Triggered . | . . . . . Disarmed . | . . . . . Reprogrammed . | . . . . . Reused . | . . . . . Traps Extracted . | . . . . . Installed . | . . . . . Triggered . | . . . . . Machines | -11 -10 -10 -10 -9 ---------- Run | Yrd Mat Min Exi Min Machines Disabled 4 | . 3 1 . . Max in Single Turn 1 | . 1 1 . . Machines Repaired . | . . . . . Machines Dismantled . | . . . . . Machines Sabotaged . | . . . . . Overloaded Fab Kills . | . . . . . Hacking | -11 -10 -10 -10 -9 --------- Run | Yrd Mat Min Exi Min Machines Accessed 9 | . 7 . 1 1 Terminals 6 | . 5 . . 1 Fabricators . | . . . . . Repair Stations . | . . . . . Recycling Units 2 | . 2 . . . Scanalyzers . | . . . . . Garrison Access . | . . . . . Total Hacks 15 | . 13 . 1 1 Successful 7 | . 6 . 1 . Failed 8 | . 7 . . 1 Catastrophic 1 | . 1 . . . Database Lockouts . | . . . . . Manual 4 | . 3 . . 1 Terminals 11 | . 10 . . 1 Fabricators . | . . . . . Repair Stations . | . . . . . Recycling Units 3 | . 3 . . . Scanalyzers . | . . . . . Garrison Access . | . . . . . Terminal Hacks 5 | . 4 . 1 . Record 1 | . . . 1 . Locate Traps 1 | . 1 . . . Hauler Manifests 1 | . 1 . . . Registered Components 1 | . 1 . . . Zone Layout 1 | . 1 . . . Fabricator Hacks . | . . . . . Repair Station Hacks . | . . . . . Recycling Unit Hacks 2 | . 2 . . . Report Inventory 2 | . 2 . . . Scanalyzer . | . . . . . Garrison Access Hacks . | . . . . . Unauthorized Hacks . | . . . . . Terminals . | . . . . . Fabricators . | . . . . . Repair Stations . | . . . . . Recycling Units . | . . . . . Scanalyzers . | . . . . . Garrison Access . | . . . . . Data Cores Recovered . | . . . . . Used . | . . . . . Hacking Detections 6 | . 5 . . 1 Full Trace Events . | . . . . . Feedback Events . | . . . . . Feedback Blocked . | . . . . . Robot Schematics Acquired . | . . . . . Robots Built . | . . . . . Authchips . | . . . . . Time . | . . . . . Total Robot Build Rating . | . . . . . Part Schematics Acquired . | . . . . . Parts Built . | . . . . . Authchips . | . . . . . Time . | . . . . . Total Part Build Rating . | . . . . . Parts Repaired . | . . . . . Time . | . . . . . Parts Recycled . | . . . . . Recycled Matter . | . . . . . Retrieved Matter . | . . . . . Retrieved Components . | . . . . . Parts Scanalyzed . | . . . . . Part Schematics Acquired . | . . . . . Parts Damaged . | . . . . . Bothacking | -11 -10 -10 -10 -9 ------------ Run | Yrd Mat Min Exi Min Used RIF Installer . | . . . . . Robots Hacked . | . . . . . Non-combat . | . . . . . Combat . | . . . . . Robot Hacks Applied . | . . . . . Relay Couplers Released . | . . . . . Fabnet Peak Effective % . | . . . . . Robots Rewired . | . . . . . Allies Hacked . | . . . . . Hacks Repelled . | . . . . . Allies | -11 -10 -10 -10 -9 -------- Run | Yrd Mat Min Exi Min Total Allies . | . . . . . Largest Group . | . . . . . Highest-Rated Group . | . . . . . Highest-Rated Ally . | . . . . . Total Orders . | . . . . . Ally Attacks . | . . . . . Total Damage . | . . . . . Kills . | . . . . . Allies Corrupted . | . . . . . Allies Melted . | . . . . . Intel | -11 -10 -10 -10 -9 ------- Run | Yrd Mat Min Exi Min Active Infowar (turns) 352 | 61 291 . . . Seismic 352 | 61 291 . . . Robot Analysis Total . | . . . . . Derelict Logs Recovered 1 | . . 1 . . Drone Launches . | . . . . . Drone Recoveries . | . . . . . Exploration | -11 -10 -10 -10 -9 ------------- Run | Yrd Mat Min Exi Min Turns Passed 4647 | 150 1991 1284 509 713 Spaces Moved 1914 | 72 797 506 257 282 Core 4 | 4 . . . . Treads 1342 | . 526 506 166 144 Legs 336 | 68 268 . . . Wheels 229 | . . . 91 138 Hover 3 | . 3 . . . Flight . | . . . . . Fastest Speed 50 | 50 120 240 115 115 Average Speed 208 | 116 211 240 195 178 Slowest Speed 480 | 120 480 240 240 240 Overloaded Moves . | . . . . . Propulsion Burnouts . | . . . . . Robots Hopped . | . . . . . Potential Cave-ins . | . . . . . Cave-ins Triggered . | . . . . . Exploration Rate (%) 53 | 6 77 89 60 37 Regions Visited 4 Branch Regions 3 Pre-discovered Areas 2 | . . 1 1 . Known Exits Taken . | . . . . . Unknown Exits Taken 4 | 1 1 1 1 . Scrap Searched 5 | . . 3 . 2 Spaces Dug 21 | . . 10 . 11 Terrain Destroyed 50 | . 5 10 . 35 Melee . | . . . . . Projectile . | . . . . . AOE 50 | . 5 10 . 35 Terrain Rammed . | . . . . . Walls Destroyed . | . . . . . Machines Disabled . | . . . . . Actions | -11 -10 -10 -10 -9 --------- Run | Yrd Mat Min Exi Min Total 2329 | 102 972 539 265 451 Wait 172 | . 38 5 . 129 Move 1910 | 71 796 505 256 282 Hop . | . . . . . Pick Up 39 | 7 25 1 3 3 Fast Attach 20 | 7 9 2 . 2 Attach 4 | . 1 1 2 . Detach 5 | . 4 1 . . Swap 18 | 1 6 3 . 8 Drop 32 | . 21 2 4 5 Fire 121 | 16 66 18 . 21 Melee . | . . . . . Ram . | . . . . . Kick 3 | . 3 . . . Crush 5 | . 3 1 . 1 Escape Stasis . | . . . . . Rewire . | . . . . . Trap . | . . . . . Miscellaneous . | . . . . . Route ------- -11/Scrapyard -10/Materials (discovered 3 exits: [*Mat x2] / [*Min]) -10/Mines (discovered 3 exits: [*Mat] / *Exi / [*Sub]) -10/Exiles -9/Mines History --------- Turn | Location | Event 5 | -11/Scrapyard | Discovered new exit (range 16) 151 | -11/Scrapyard | Entered Materials 307 | -10/Materials | Build established: Mutant 338 | -10/Materials | Discovered new exit (range 15) 433 | -10/Materials | Discovered new exit (range 8) 761 | -10/Materials | Discovered new exit (range 10) 823 | -10/Materials | Core integrity fell below 50% 2142 | -10/Materials | Entered Mines 2165 | -10/Mines | Met a Derelict bent on vengeance 2225 | -10/Mines | Assembled infested the area 2651 | -10/Mines | Discovered new exit (range 5) 2684 | -10/Mines | Received a Rocket Launcher from a helpful Derelict 2869 | -10/Mines | A weapon hastily lodged in a ceiling crevice suddenly fell to the ground 2992 | -10/Mines | Discovered new exit (range 9) 3028 | -10/Mines | Learned Materials security intel 3244 | -10/Mines | Learned location of Storage (-9) 3416 | -10/Mines | Deemed a non-threat by the Exiles lab entrance 3416 | -10/Mines | Discovered new exit (range 5) 3426 | -10/Mines | Entered Exiles 3484 | -10/Exiles | Met 8R-AWN 3525 | -10/Exiles | Met EX-HEX 3621 | -10/Exiles | Met EX-DEC 3630 | -10/Exiles | Learned location of Zion (-7) 3923 | -10/Exiles | Discovered new exit (range 14) 3935 | -10/Exiles | Entered Mines 3940 | -9/Mines | Core integrity fell below 20% 4292 | -9/Mines | Excavation squad dispatched 4292 | -9/Mines | A large section of the Mines collapsed 4542 | -9/Mines | Excavation squad dispatched 4648 | -9/Mines | Destroyed by G-34 Mercenary with Small Laser Last Messages --------------- 04575_ U-05 Engineer lays Concrete. 04578_ U-05 Engineer builds a Wall. 04580_ G-34 Mercenary destroyed. 04580_ K-01 Serf collects debris. 04589_ T-07 Excavator is excavating. 04591_ K-01 Serf collects debris. 04593_ The unstable cave ceiling collapses. 04594_ K-01 Serf collects debris. 04597_ Acquired 33 matter. 04598_ K-01 Serf collects debris. 04598_ T-07 Excavator is excavating. 04602_ Acquired 9 matter. 04607_ G-34 Mercenary destroyed. 04610_ Acquired 18 matter. 04611_ T-07 Excavator is excavating. 04613_ K-01 Serf collects debris. 04618_ T-07 Excavator is excavating. 04619_ T-07 Excavator destroyed. 04621_ K-01 Serf collects debris. 04622_ K-01 Serf destroyed. Map ----- +----------------------------------------------------+ | | | | | | | | | | | | | | | | | ?????????????????????????????????????????????????? | | ?????????????????????????????????????????????????? | | ?????????????????????????????????????????######??? | | ######?????????????????????????????????### ##?? | | #?????????????????????????????????# ##? | | #### #???????????????????####?????????### #? | | ???# #???????????????????# ##???????## # ###? | | ???# #########???????????# ##??????# # = #### | | ???# #????????????# ! ###????# ## | | ???######### #?????????##### = ###### # ### | | ???????????# #????????##!]##[% # ### #?? | | ???????????# #????????#"! !# ##### # ####?? | | ???????????# ######???# [ + ##??## ###????? | | ???????????# #???# + #####! ##????? | | #####??????###### #???#"!! # !=!*! % ##???? | | #???????????# #???##[ ## gg%= [ " %!#??? | | ### #??????###### ######### #####=#" " # ??? | | #?# ######## [%= @ ##???#|## ######?? | | ??# !####### ###????#%#####??????? | | ??########## ## #?????# #########[#??????????? | | ???????????# ## #?????# "#??????????? | | ??????????# ### ##????########### #??????????? | | ##????????# ?# ! #??????????????# ??????????? | | ##???????# ##/% #??????????????###??????????? | | ##??????# ### ##???????????????????????????? | | ##?????# #?####????????????????????????????? | | ###???## ##????????????????????????????????? | | # ###### ##???????????????????????????????? | | # #???????????????????????????????? | | # ????????????????????????????? | | ## ###### "????????????????????????????? | | ?#### #?????# ???????????????????????????????? | | ????# #?????? ????????????????????????????????? | | ??### ###???? ?????????????????????????????????? | | ?## #???????????????????????????????????????? | | ?#T #???????????????????????????????????????? | | ?## = #???????????????????????????????????????? | | # #????????????????????????????????? | | # * #????????????????????????????????? | | # %= ########????????????????????????????????? | | # #???????????????????????????????????????? | | ## # ###???????????????????????????????????????? | +----------------------------------------------------+ Best States ------------- Heat Dissipation 35 Energy Generation 10 Energy Capacity 250 Matter Stores 300 Matter Capacity 300 Sight Range 16 Terrain Scan Density 10 Armor Coverage 225 Propulsion Shielding 33 Evasion (%) 55 Recoil Reduction 2 Item Schematics ----------------- None Robot Schematics ------------------ None Fabricated ------------ Nothing Repaired ---------- Nothing Alien Tech Used ----------------- None Achievements -------------- None Challenges ------------ None Game ------ Seed PhysicsNuclearInterpreter Manual? 0 Play Time 00:21:58 Cumulative 240.4 hours Start 2025.09.22 @ 14:09:15 End 2025.09.22 @ 15:06:06 Sessions 1 Manual Loads 0 Difficulty Rogue Special Mode None Game No. 251 Rogue 251 Adventurer 0 Explorer 0 Win Type - Total 3 Types 3/0/0/0/0/0/0/0/0/0 Lore% 74 Gallery% 71 Achievement% 66 Wizard Run 0 Options --------- Layout 0 ASCII 0 Keyboard 1 Movement Vi Keybinds 0 Fullscreen 2 Font 18/X11Bold Map View 76x50 Zoom Use 0% Tactical HUD 1 Map Filters NONE Filters NONE Steam X RUN: 4afefda5-beae-4498-8cbb-c48025e43295